 Dungeon Crawl Stone Soup version 0.28.0-43-g3370ac3207 (webtiles) character file.

Game seed: 13388985450115476982

2349 issech the Basher (level 9, -6/78 HPs)
             Began as a Troll Monk on Mar 20, 2022.
             Was a Priest of Hepliaklqana.
             Mangled by a killer bee (7 damage)
             ... on level 7 of the Dungeon.
             The game lasted 00:25:31 (5843 turns).

issech the Basher (Troll Monk)                      Turns: 5843, Time: 00:25:33

Health: -6/78      AC:  7    Str: 21    XL:     9   Next: 20%
Magic:  8/8        EV: 12    Int:  6    God:    Hepliaklqana [***...]
Gold:   343        SH:  0    Dex: 16    Spells: 8/8 levels left

rFire   + . .      SeeInvis .   M - +0 giant spiked club (vorpal)
rCold   x . .      Faith    .   (shield currently unavailable)
rNeg    . . .      Spirit   .   w - +0 animal skin
rPois   .          Reflect  .   (helmet restricted)
rElec   .          Harm     .   d - +2 cloak
rCorr   .          Rampage  .   (gloves unavailable)
Will    +....                   (boots unavailable)
Stlth   +++.......              N - amulet of the acrobat
HPRegen 1.03/turn               F - ring of willpower
MPRegen 0.11/turn               K - ring of fire

@: lethally poisoned (-6 -> -8), studying Throwing
A: reduced essence, large, unfitting armour, claws 3, regeneration 1, shaggy fur
1, tough skin 1
a: Renounce Religion, Recall Ancestor, Ancestor Identity, Transference


You were on level 7 of the Dungeon.
You worshipped Hepliaklqana.
Hepliaklqana was most pleased with you.
You visited 2 branches of the dungeon, and saw 8 of its levels.
You also visited: Sewer.

You collected 343 gold pieces.

Inventory:

Hand Weapons
 a - a +0 mace
 j - a +0 short sword of draining
 m - a +0 hunting sling
 C - a +0 flail
 H - a +0 giant club
 I - a +0 morningstar
 M - a +0 vorpal giant spiked club (weapon)
 O - a +0 hand crossbow
Missiles
 c - 15 sling bullets
 e - 246 stones
 f - 99 arrows
 k - 36 bolts
 o - 6 poisoned darts
 t - 3 atropa-tipped darts
 B - 4 boomerangs (quivered)
Armour
 b - a +0 robe
 d - a +2 cloak (worn)
 w - a +0 animal skin (worn)
Magical Staves
 i - a staff of poison
 q - a staff of air
Jewellery
 F - a ring of willpower (left claw)
 K - a ring of fire (right claw)
 N - an amulet of the acrobat (around neck)
Scrolls
 h - a scroll of blinking {unknown}
 s - 3 scrolls of teleportation
 u - a scroll of amnesia
 x - a scroll of fog
 y - 2 scrolls of fear
 E - a scroll of noise
 G - a scroll of magic mapping
 J - a scroll of summoning
Potions
 g - 4 potions of heal wounds
 l - 3 potions of curing {unknown}
 n - 4 potions of cancellation {unknown}
 p - 2 potions of magic {unknown}
 r - a potion of brilliance {unknown}
 v - a potion of attraction {unknown}
 z - a potion of mutation {unknown}
 A - a potion of haste {unknown}
 D - a potion of degeneration {unknown}
 L - a potion of flight {unknown}


   Skills:
 + Level 4.8 Fighting
 + Level 8.2 Maces & Flails
 + Level 0.4 Throwing
 + Level 4.7 Dodging
 + Level 3.6 Stealth


You had 8 spell levels left.
You didn't know any spells.
Your spell library contained the following spells:

 Spells                   Type           Power      Damage    Failure   Level
 Sting                    Tmut/Pois      0%         1d3       45%         1
 Poisonous Vapours        Pois/Air       0%         N/A       58%         2
 Ozocubu's Armour         Ice            0%         N/A       83%         3
 Olgreb's Toxic Radiance  Pois           0%         N/A       99%         4
 Ozocubu's Refrigeration  Ice            0%         4d5       100%        7


Dungeon Overview and Level Annotations

Branches:
Dungeon (7/15)             Temple (1/1) D:5           Sewer (visited)

Altars:
Ashenzari
Cheibriados
Elyvilon
Gozag
Hepliaklqana
Kikubaaqudgha
Makhleb
Nemelex Xobeh
Okawaru
Qazlal
Trog
Uskayaw
Vehumet
Wu Jian
Zin
The Shining One

Shops:
D:1 [:   D:3 =


Innate Abilities, Weirdness & Mutations

Your life essence is reduced to manifest your ancestor. (-10% HP)
You are too large for most types of armour.
You have claws for hands.
Your natural rate of healing is unusually fast.
You are covered in fur. (AC +1)
You have tough skin. (AC +1)


Message History

You barely miss the killer bee.
The killer bee is severely wounded.
You feel extremely sick.
The killer bee stings you but does no damage.
The killer bee stings you. x2
You are more poisoned.
The killer bee poisons you! The killer bee barely misses you.
Xiuhtonal barely misses the killer bee.
The killer bee stings you but does no damage.
The killer bee barely misses you.
You swap places.
* * * LOW HITPOINT WARNING * * *
You feel very sick.
The killer bee stings you but does no damage.
The killer bee closely misses Xiuhtonal.
Xiuhtonal closely misses the killer bee.
The killer bee completely misses you.
The killer bee stings Xiuhtonal!
* * * LOW HITPOINT WARNING * * *
You feel very sick.
The killer bee barely misses Xiuhtonal.
Xiuhtonal hits the killer bee with a +0 quarterstaff.
The killer bee dies!
The killer bee stings Xiuhtonal.
You see here a killer bee corpse.
You feel very sick.
Xiuhtonal closely misses the killer bee.
You feel very sick. The killer bee completely misses you.
Xiuhtonal hits the killer bee with a +0 quarterstaff!
The killer bee stings you.
* * * LOW HITPOINT WARNING * * *
You see here a killer bee corpse.
You miss the killer bee.
The killer bee is almost dead.
* * * LOW HITPOINT WARNING * * *
You feel very sick. The killer bee stings you.
* * * LOW HITPOINT WARNING * * *
Xiuhtonal barely misses the killer bee.
The killer bee stings you!
You die...

...(.. ###### ....>
#....# .... #....#
... #....## ..
####.....# #.
...#.##.# #.##.##.
##.#.##.# #†.#..#.
##........
##@##.#.##..##.....
#y##...##.###.#.#)
#R.##..#..# #.#.#.
##.##..#.## #...##
###.#.....######..#
#.....#......###..#
#.....##.###......#
#........# #####...
#.....#### #..#


You could see the friendly Xiuhtonal the battlemage and a killer bee (ally
target).

Vanquished Creatures
  An orc warrior (D:7)
  A necrophage (D:6)
  2 ogres
  2 phantoms
  A kobold brigand (D:5)
  A scorpion (D:6)
  A centaur zombie (D:7)
  A jelly (Sewer)
  2 orc priests
  A hound (D:5)
  A bullfrog skeleton (D:5)
  A centaur skeleton (D:6)
  3 orc wizards
  Robin (D:2)
  2 gnolls
  4 adders
  A river rat (Sewer)
  A shadow imp (D:6)
  An adder zombie (D:4)
  2 dart slugs (D:2)
  10 orcs
  2 bats (D:1)
  8 endoplasms
  7 giant cockroaches
  8 hobgoblins
  4 quokkas
  4 ball pythons
  8 frilled lizards
  14 goblins
  7 kobolds
  A kobold zombie (D:4)
  3 rats
106 creatures vanquished.

Vanquished Creatures (collateral kills)
  Menkaure (D:5)
  A water moccasin (D:6)
  An ice beast (D:7)
  2 ogres
  2 black bears
  5 killer bees (D:7)
  A howler monkey (D:5)
  2 lava snakes (D:7)
  An orc priest (D:7)
  A jelly (Sewer)
  2 iguanas
  An orc wizard (D:7)
  A hound skeleton (D:4)
  6 gnolls
  4 adders
  A river rat (Sewer)
  6 orcs
  3 bats (D:3)
  2 endoplasms
  7 giant cockroaches
  A goblin (D:3)
  A hobgoblin (D:4)
  2 quokkas
  2 ball pythons (Sewer)
  2 frilled lizards (Sewer)
  2 kobolds
  2 rats (Sewer)
62 creatures vanquished.

Vanquished Creatures (others)
  A battlemage (Sewer)
  13 plants
14 creatures vanquished.

Grand Total: 182 creatures vanquished

Notes
Turn   | Place    | Note
-------+----------+-------------------------------------------
     0 | D:1      | issech the Troll Monk began the quest for the Orb.
     0 | D:1      | Reached XP level 1. HP: 22/22 MP: 0/0
   132 | D:1      | Found a faded altar of an unknown god.
   187 | D:1      | Found Boocausu's Book Shoppe.
   243 | D:1      | Reached skill level 3 in Maces & Flails
   243 | D:1      | Reached XP level 2. HP: 25/29 MP: 1/1
   271 | D:1      | Found Nopewnif's Armour Boutique.
   570 | D:1      | Reached XP level 3. HP: 36/36 MP: 2/2
  1474 | D:3      | Noticed Robin
  1508 | D:3      | Found a hazy altar of Hepliaklqana.
  1511 | D:3      | Reached XP level 4. HP: 32/44 MP: 3/3
  1563 | D:2      | Killed Robin
  1604 | D:3      | Became a worshipper of Hepliaklqana the Forgotten
  1604 | D:3      | Reached * piety under Hepliaklqana
  1604 | D:3      | Reached ** piety under Hepliaklqana
  1605 | D:3      | Remembered your ancestor Xiuhtonal as a battlemage
  1742 | D:3      | Found a glowing drain.
  1752 | Sewer    | Entered a sewer
  1821 | Sewer    | Reached skill level 4 in Maces & Flails
  1830 | Sewer    | Reached XP level 5. HP: 47/47 MP: 4/4
  1914 | Sewer    | Found a viscous altar of Jiyva.
  2229 | D:3      | Found an ancient bone altar of Kikubaaqudgha.
  2292 | D:3      | Found Upnagiot's Jewellery Boutique.
  2423 | D:4      | Identified a scroll of acquirement
  2423 | D:4      | Acquired a manual of Throwing
  2450 | D:4      | Found a white marble altar of Elyvilon.
  2450 | D:4      | Noticed an ogre
  2460 | D:4      | Reached XP level 6. HP: 14/54 MP: 5/5
  2914 | D:4      | Reached skill level 5 in Maces & Flails
  2914 | D:4      | Reached XP level 7. HP: 51/60 MP: 6/6
  3379 | D:5      | Entered Level 5 of the Dungeon
  3480 | D:5      | Found a staircase to the Ecumenical Temple.
  3498 | Temple   | Entered the Ecumenical Temple
  4185 | D:5      | Noticed Menkaure
  4193 | D:5      | Killed Menkaure
  4194 | D:5      | Reached skill level 6 in Maces & Flails
  4374 | D:5      | Reached XP level 8. HP: 66/70 MP: 7/7
  4560 | D:6      | Reached *** piety under Hepliaklqana
  5004 | D:6      | Reached skill level 7 in Maces & Flails
  5603 | D:7      | Reached XP level 9. HP: 69/76 MP: 8/8
  5768 | D:7      | Reached skill level 8 in Maces & Flails
  5843 | D:7      | HP: 2/78 [poisoned by a killer bee]
  5843 | D:7      | Mangled by a killer bee

Illustrated notes

Levels and vault maps discovered:
D:1:      ncdulo_lavacross, layout_basic, shapermc_ecumenical_altar_ellora,
          serial_shops, shop, shop
D:2:      layout_basic
D:3:      layout_basic, lemuel_crystal_altar, nicolae_hepliaklqana_hazy_memory,
          serial_shops, shop, portal_sewer_entry_d, uniq_robin
D:4:      layout_basic, elyvilon_altar_5, enter_ossuary_3,
          kennysheep_generic_room_13
D:5:      layout_rooms, minmay_temple_entry_proselytizer,
          nicolae_figureground_sparkle, uniq_menkaure
D:6:      layout_basic
D:7:      layout_rooms, kennysheep_dice
Temple:   nicolae_temple_figure_eight

Skill      XL: |  1  2  3  4  5  6  7  8  9 |
---------------+----------------------------+-----
Maces & Flails | 3 4 5 6 7 8 |  8.2
Dodging        | 3 4 |  4.7
Fighting       | 3 4 |  4.8
Stealth        | 2 3 |  3.6
Throwing       | |  0.4

Action                   |  1- 3 |  4- 6 |  7- 9 || total
-------------------------+-------+-------+-------++-------
Melee: Mace              |   139 |   109 |       ||   248
       Punch             |     5 |     2 |     1 ||     8
       Flail             |       |     9 |    60 ||    69
       Giant club        |       |       |    26 ||    26
       Giant spiked club |       |       |    42 ||    42
Throw: Boomerang         |       |       |     1 ||     1
Invok: Ancestor Life: Ba |       |     1 |       ||     1
  Use: Scroll            |       |     6 |     5 ||    11
 Stab: Sleeping          |       |     7 |     5 ||    12
       Distracted        |       |       |     3 ||     3
Armor: Robe              |    69 |    54 |       ||   123
       Animal skin       |       |     9 |    61 ||    70
Dodge: Dodged            |    98 |    99 |    97 ||   294
